 Dungeon Crawl Stone Soup version 0.27.0-1-g7a089689b8 (webtiles) character file.

Game seed: 13538689057681381716

65 VictoriousLee the Changer (level 4, -10/28 HPs)
             Began as an Octopode Transmuter on Aug 15, 2021.
             Mangled by an ogre (25 damage)
             ... on level 3 of the Dungeon.
             The game lasted 00:10:33 (2361 turns).

VictoriousLee the Changer (Octopode Transmuter)     Turns: 2361, Time: 00:10:34

Health: -10/28     AC:  1    Str:  9    XL:     4   Next: 14%
Magic:  7/8        EV: 13    Int: 16    God:
Gold:   72         SH:  0    Dex: 12    Spells: 0/8 levels left

rFire    . . .     SeeInvis .     - Unarmed
rCold    . . .     Faith    .   (no shield)
rNeg     . . .     Spirit   .   (helmet restricted)
rPois    .         Reflect  .   (no amulet)
rElec    .         Harm     .   (no ring)
rCorr    .         Rampage  .   (no ring)
Will     .....                  (no ring)
Stlth    ++........             (no ring)
HPRegen  0.09/turn              (no ring)
MPRegen  0.11/turn              (no ring)
                                (no ring)
                                (no ring)

@: very slightly contaminated
A: almost no armour, amphibious, 8 rings, camouflage 1, gelatinous body 1,
(nimble swimmer 1), tentacles
a: no special abilities


You were on level 3 of the Dungeon.
You visited 1 branch of the dungeon, and saw 3 of its levels.

You collected 72 gold pieces.

Inventory:

Hand Weapons
 a - a +0 club
 d - a +0 short sword
 f - a +0 whip
 j - a +0 hand axe
 k - a +0 dagger
Missiles
 b - 23 arrows
 e - 23 sling bullets
 g - 14 bolts
 h - 12 poisoned darts (quivered)
 n - 36 stones
Magical Staves
 i - a staff of cold
Scrolls
 l - a scroll of identify {unknown}
Potions
 c - a potion of curing
 m - a potion of cancellation {unknown}


   Skills:
 - Level 1.0 Fighting
 - Level 2.0 Dodging
 - Level 3.0 Unarmed Combat
 - Level 2.7 Spellcasting
 - Level 3.6 Transmutations
 * Level 0.6 Ice Magic


You couldn't memorise any spells.
You knew the following spells:

 Your Spells              Type           Power      Damage    Failure   Level
a - Ozocubu's Armour      Ice            4%         N/A       41%         3
b - Ice Form              Ice/Tmut       8%         N/A       63%         4
z - Beastly Appendage     Tmut           26%        N/A       4%          1

Your spell library contained the following spells:

 Spells                   Type           Power      Damage    Failure   Level
 Wereblood                Tmut           13%        N/A       7%          2
 Spider Form              Tmut/Pois      3%         N/A       28%         3
 Cause Fear               Hex            1%         N/A       88%         4
 Dragon Form              Tmut           6%         N/A       100%        7
 Ozocubu's Refrigeration  Ice            2%         4d5       100%        7
 Dragon's Call            Summ           1%         N/A       100%        9


Dungeon Overview and Level Annotations

Branches:
Dungeon (2/15)

Altars:


Innate Abilities, Weirdness & Mutations

You cannot wear most types of armour.
You are amphibious.
You can wear up to eight rings at the same time.
Your skin changes colour to match your surroundings (Stealth+).
Your rubbery body absorbs attacks. (AC +1, EV +1)
((You are camouflaged near water. (Stealth+)))
You have tentacles for arms and can constrict up to eight enemies at once.


Message History

Aim: an ogre, wielding a +0 giant club (wandering, hasn't noticed you, 72% to hit)
You throw a poisoned dart. The poisoned dart hits the ogre.
The ogre is poisoned.
The ogre shouts!
Throw: 16 darts (poison)
Press: ? - help, Q - select action, (/) - cycle Shift-Dir - straight line, f/p - ogre
Aim: an ogre, wielding a +0 giant club (poisoned, 72% to hit)
You throw a poisoned dart.
The poisoned dart barely misses the ogre.
Throw: 15 darts (poison)
Press: ? - help, Q - select action, (/) - cycle Shift-Dir - straight line, f/p - ogre
Aim: an ogre, wielding a +0 giant club (poisoned, 72% to hit)
You throw a poisoned dart.
The poisoned dart barely misses the ogre.
Throw: 14 darts (poison)
Press: ? - help, Q - select action, (/) - cycle Shift-Dir - straight line, f/p - ogre
Aim: an ogre, wielding a +0 giant club (poisoned, 72% to hit)
You throw a poisoned dart. The poisoned dart hits the ogre.
Throw: 13 darts (poison)
Press: ? - help, Q - select action, (/) - cycle Shift-Dir - straight line, f/p - ogre
Aim: an ogre, wielding a +0 giant club (lightly wounded, poisoned, 72% to hit)
You throw a poisoned dart.
The poisoned dart barely misses the ogre.
Casting: Beastly Appendage (safe; 4% risk of failure)
Confirm with . or Enter, or press ? or * to list all spells.
You miscast Beastly Appendage.
You are very lightly contaminated with residual magic.
Nothing appears to happen.
You tentacle-slap the ogre but do no damage.
You squeeze the ogre!
The ogre is heavily wounded.
The ogre closely misses you.
You tentacle-slap the ogre.
The ogre is severely wounded.
The ogre hits you with a +0 giant club!
You barely miss the ogre. Your squeeze misses the ogre.
The ogre is severely wounded.
The ogre hits you with a +0 giant club!!
Ouch! That really hurt!
You die...

##.## ##.P.# .P.P# ##..##
#####...#. #
#....###.......#.
#.#####...#..#.......#.
..##...........##.......#.
........................#.
....#####@#..#..........?.
. .## #O...#.##........#
...###......##........#
#....................#
#....(..####.........
###.......# #.........
.(........#####........
.##....(((#............
..........#...#........


You could see an ogre (poisoned).

Vanquished Creatures
  2 adders
  A worm (D:3)
  A dart slug (D:1)
  An orc (D:3)
  4 bats
  2 endoplasms
  2 giant cockroaches
  3 goblins
  5 hobgoblins (D:1)
  3 kobolds
  2 quokkas
  5 ball pythons (D:1)
  5 frilled lizards
  3 rats
39 creatures vanquished.

Notes
Turn   | Place    | Note
-------+----------+-------------------------------------------
     0 | D:1      | VictoriousLee the Octopode Transmuter began the quest for
                  | the Orb.
     0 | D:1      | Reached XP level 1. HP: 13/13 MP: 3/3
   310 | D:1      | Reached XP level 2. HP: 17/18 MP: 3/5
   735 | D:1      | Found a faded altar of an unknown god.
  1151 | D:1      | Reached XP level 3. HP: 23/23 MP: 4/6
  1750 | D:2      | Learned a level 3 spell: Ozocubu's Armour
  1756 | D:2      | You fall into a shaft and drop 1 floor!
  1920 | D:3      | Reached XP level 4. HP: 16/28 MP: 6/8
  1930 | D:3      | Learned a level 4 spell: Ice Form
  2169 | D:3      | Noticed an ogre
  2361 | D:3      | Mangled by an ogre

Illustrated notes

Levels and vault maps discovered:
D:1:      dpeg_arrival_tiny_h, layout_loops_ring,
          shapermc_ecumenical_altar_venn, minmay_surrounded
D:2:      layout_basic, due_unseen_surprise, uniq_jessica, uniq_robin
D:3:      layout_rooms, mainiacjoe_overflow_alcove_3, chequers_jeans,
          uniq_crazy_yiuf_cottage

Skill      XL: |  1  2 |
---------------+-------+-----
Transmutations | 3 |  3.6
Fighting       | |  1.0
Dodging        | |  2.0
Unarmed Combat | |  3.0
Spellcasting   | |  2.7
Ice Magic      | |  0.6

Action                   |  1- 3 |  4- 6 || total
-------------------------+-------+-------++-------
Melee: Unarmed           |    87 |    14 ||   101
       Constrict         |    25 |     3 ||    28
       Tentacles         |    13 |     4 ||    17
       Kick              |    14 |     4 ||    18
       Punch             |     3 |       ||     3
Throw: Dart              |       |    11 ||    11
 Cast: Beastly Appendage |    18 |     4 ||    22
  Use: Potion            |     1 |       ||     1
 Stab: Sleeping          |     1 |       ||     1
Armor: Skin              |     4 |       ||     4
Dodge: Dodged            |    56 |     1 ||    57
